AoeStats
← 白鹿城拉车车

Nomad

508885852Analyzed
4v4 RM · 8d ago on Sep 24, 2026· 26m 25s· 8 players
Game mode
Random Map
Map size
231×231
Population
200
Speed
Normal
Resources
Standard
Victory
Conquest
Starting age
Dark Age
Ending age
Imperial Age
RankedLock teamsTeams togetherTeam positionsShared explorationLock speedFull tech treeHidden civsTurbo modeCheats
Victory
Defeat
🇹🇼 Portuguese · Taiwan
1339
+15
🇦🇷 Britons · Argentina
1336
+15
🇨🇳 Spanish · China
1300
+17
🇨🇳 Varangians · China
1291
+17
🇨🇳 Saxons · China
1384
-19
1369
-18
🇨🇳 Turks · China
1315
-16
1187
-11
重案组之虎曹达华JESSEJAMES
4:52 Loom
15:16 Feudal Age
17:10 Wheelbarrow
17:10 Double-Bit Axe
21:07 Castle Age
20:45 Stone Mining
22:18 Bow Saw
21:58 Horse Collar
23:10 Stone Shaft Mining
23:35 Hand Cart
白鹿城拉车车
5:27 Loom
13:24 Feudal Age
17:35 Castle Age
15:42 Gold Mining
17:20 Wheelbarrow
16:48 Fletching
17:13 Fishing Lines
18:03 Double-Bit Axe
20:06 Bow Saw
23:20 Padded Archer Armor
24:25 Elite Skirmisher
微操大师蒋中正
5:44 Loom
14:59 Feudal Age
19:57 Castle Age
knife
5:34 Loom
13:48 Feudal Age
16:45 Double-Bit Axe
19:12 Castle Age
19:14 Fishing Lines
21:34 Forging
21:30 Scale Barding Armor
22:56 Bow Saw
22:49 Horse Collar
24:24 Iron Casting
26:14 Bloodlines
26:04 Husbandry
1★跳高獵人
4:36 Loom
13:05 Feudal Age
14:37 Double-Bit Axe
21:36 Castle Age
21:11 Town Watch
22:04 Wheelbarrow
21:43 Fishing Lines
22:27 Medium Warships
22:44 Husbandry
22:56 Bloodlines
TanjiroK
5:43 Loom
15:15 Feudal Age
17:00 Town Watch
20:00 Castle Age
18:41 Double-Bit Axe
21:56 Fletching
23:13 Bodkin Arrow
24:32 Padded Archer Armor
24:56 Horse Collar
XHK
5:10 Loom
12:34 Feudal Age
15:13 Double-Bit Axe
16:54 Horse Collar
19:44 Castle Age
18:28 Forging
19:55 Fletching
20:35 Bow Saw
21:04 Wheelbarrow
21:25 Bodkin Arrow
25:18 Ballistics
26:06 Careening
菜菜
5:08 Loom
13:02 Feudal Age
14:10 Double-Bit Axe
17:00 Castle Age
15:28 Stone Mining
15:39 Horse Collar
16:36 Gold Mining
18:27 Padded Archer Armor
23:10 Bow Saw
Connection lost

Rejoining the realm…

Still unreachable

The connection could not be restored.

Session expired

The server has moved on; the page needs a fresh start.